 Dungeon Crawl Stone Soup version 0.29-a0-304-gb34f9e1 (webtiles) character file.

Game seed: 5433259587158026697

355 Think the Cutter (level 6, -2/42 HPs)
             Began as an Octopode Fighter on Mar 26, 2022.
             Was an Initiate of Okawaru.
             Slain by a hound (6 damage)
             ... on level 4 of the Dungeon.
             The game lasted 00:04:42 (3834 turns).

Think the Cutter (Octopode Fighter)                 Turns: 3834, Time: 00:04:42

Health: -2/42      AC:  1    Str: 16    XL:     6   Next: 63%
Magic:  6/6        EV: 13    Int: 10    God:    Okawaru [......]
Gold:   140        SH:  4    Dex: 13    Spells: 5/5 levels left

rFire   . . .      SeeInvis .   h - +0 dagger
rCold   . . .      Faith    .   b - +0 buckler
rNeg    . . .      Spirit   .   (helmet restricted)
rPois   .          Reflect  .   (no amulet)
rElec   .          Harm     .   (no ring)
rCorr   .          Rampage  .   (no ring)
Will    .....                   (no ring)
Stlth   ++........              (no ring)
HPRegen 0.14/turn               (no ring)
MPRegen 0.10/turn               (no ring)
                                (no ring)
                                (no ring)

@: mighty, very slow
A: almost no armour, amphibious, 8 rings, camouflage 1, gelatinous body 1,
(nimble swimmer 1), tentacles
a: Renounce Religion


You were on level 4 of the Dungeon.
You worshipped Okawaru.
Okawaru was noncommittal.
You visited 1 branch of the dungeon, and saw 4 of its levels.

You collected 140 gold pieces.

Inventory:

Hand Weapons
 a - a +0 rapier
 h - a +0 dagger (weapon)
 s - a +0 scythe of protection
Armour
 b - a +0 buckler (worn)
Jewellery
 g - a +4 ring of evasion
Scrolls
 d - 2 scrolls of immolation {unknown}
 i - a scroll of fog {unknown}
 j - 3 scrolls of identify {unknown}
 l - a scroll of holy word {unknown}
 m - a scroll of amnesia {unknown}
 q - a scroll of brand weapon {unknown}
 t - a scroll of magic mapping {unknown}
Potions
 c - a potion of might
 e - a potion of curing {unknown}
 f - 2 potions of berserk rage {unknown}
 k - 2 potions of degeneration {unknown}
 n - a potion of ambrosia {unknown}
 o - a potion of heal wounds {unknown}
 p - 2 potions of magic {unknown}
 r - a potion of haste {unknown}


   Skills:
 - Level 3.0 Fighting
 + Level 6.8 Short Blades
 - Level 3.0 Dodging
 - Level 3.0 Shields


You had 5 spell levels left.
You didn't know any spells.
Your spell library was empty.

Dungeon Overview and Level Annotations

Branches:
Dungeon (4/15)
 Temple: D:4-7

Altars:
Cheibriados
Okawaru
Wu Jian


Innate Abilities, Weirdness & Mutations

You cannot wear most types of armour.
You are amphibious.
You can wear up to eight rings at the same time.
Your skin changes colour to match your surroundings (Stealth+).
Your rubbery body absorbs attacks. (AC +1, EV +1)
((You are camouflaged when in or above water. (Stealth+)))
You have tentacles for arms and can constrict up to eight enemies at once.


Message History

The endoplasm moves out of view.
You hit the kobold but do no damage. Your grab misses the kobold.
Your squeeze misses the kobold. You hit the kobold but do no damage.
Your grab misses the kobold. Your squeeze misses the kobold.
The kobold hits you with a +0 whip. The goblin closely misses you.
You hit the hound. Your grab misses the hound.
The hound is lightly wounded.
The hound barely misses you. The goblin barely misses you.
You block the kobold's attack. The kobold attacks as you move away!
The kobold hits you with a +0 whip. You block the hound's attack.
The hound bites you. The hound closely misses you.
The goblin hits you with a +0 dagger. The hound attacks as you move away!
The hound barely misses you.
Something hits the plant.
The plant begins to die.
The hound bites you. The hound attacks as you move away! The hound misses you.
The hound bites you. The hound attacks as you move away!
The hound barely misses you. The goblin attacks as you move away!
The goblin hits you with a +0 dagger. The hound barely misses you.
You block the hound's attack. The hound barely misses you.
The hound attacks as you move away! The hound bites you.
The hound completely misses you. The hound bites you.
* * * LOW HITPOINT WARNING * * *
The hound barely misses you.
You hit the hound. Your grab misses the hound.
The hound is lightly wounded.
The hound pauses to sniff the ground.
The hound bites you.
* * * LOW HITPOINT WARNING * * *
You closely miss the hound. Your grab misses the hound.
The hound is lightly wounded.
The hound bites you but does no damage.
You feel very mighty all of a sudden. The hound closely misses you.
The hound bites you.
* * * LOW HITPOINT WARNING * * *
You miss the hound. You grab the hound.
The hound is lightly wounded.
You constrict the hound. The hound bites you.
You die...

#. #... .... #.##(.P
.... #....P♣ ..♣
#.#..P♣ ...♣
#.##..♣♣♣...♣♣♣
#.##.P.P.P.P... #
#..............
##.####.##...).P.P..P
#...@hgK....♣♣♣P..♣♣♣
###########..♣ ...♣
#.<....†....P♣ ).♣
#.#########.PP.P.....
#. #........... #.
#.P.....P... #.
#.P♣♣♣P.P #. #..♣ P..
#. #.P♣ ..


You could see a hound, a goblin and a kobold.

Vanquished Creatures
  Sigmund (D:3)
  A kobold brigand (D:3)
  8 adders
  2 dart slugs
  5 endoplasms
  2 giant cockroaches
  8 goblins
  7 hobgoblins
  7 kobolds
  5 quokkas
  6 ball pythons
  3 bats
  4 frilled lizards
  7 rats
66 creatures vanquished.

Vanquished Creatures (others)
  3 plants
3 creatures vanquished.

Grand Total: 69 creatures vanquished

Notes
Turn   | Place    | Note
-------+----------+-------------------------------------------
     0 | D:1      | Think the Octopode Fighter began the quest for the Orb.
     0 | D:1      | Reached XP level 1. HP: 16/16 MP: 1/1
   218 | D:1      | Reached XP level 2. HP: 16/21 MP: 2/2
   309 | D:1      | Reached skill level 3 in Short Blades
   737 | D:1      | Reached XP level 3. HP: 26/26 MP: 3/3
  1217 | D:2      | Found an ornate altar of the Wu Jian Council.
  1408 | D:2      | Reached skill level 4 in Short Blades
  1597 | D:2      | Reached XP level 4. HP: 31/31 MP: 4/4
  2413 | D:2      | Found a faded altar of an unknown god.
  2487 | D:2      | Prayed at the altar of an unknown god.
  2487 | D:2      | Became a worshipper of Cheibriados the Contemplative
  2487 | D:2      | Reached * piety under Cheibriados
  2574 | D:3      | Noticed Sigmund
  2580 | D:3      | Killed Sigmund
  2581 | D:3      | Reached skill level 6 in Short Blades
  2581 | D:3      | Reached XP level 5. HP: 27/36 MP: 5/5
  2581 | D:3      | Reached XP level 6. HP: 31/42 MP: 6/6
  3621 | D:3      | Found an iron altar of Okawaru.
  3638 | D:3      | Fell from the grace of Cheibriados
  3638 | D:3      | Became a worshipper of Warmaster Okawaru
  3834 | D:4      | Slain by a hound

Illustrated notes

Levels and vault maps discovered:
D:1:      scummos_arrival_hexagon, layout_loops_ring, serial_bayou,
          serial_bayou_lagoon_b, serial_bayou_ford_a, serial_bayou_pond_e,
          serial_bayou_shore_a, patterned_corridor
D:2:      layout_basic, basic_altar, shapermc_ecumenical_altar_hornbeckon
D:3:      layout_loops_ring, kennysheep_okawaru_gauntlet,
          chequers_hall_statues_wall_a, corexii_corridor_pit, uniq_sigmund
D:4:      layout_basic, overflow_temple_1_default, lemuel_temple_firewalk_b,
          portal_sewer_entry_e, minmay_misc_feat_diagonals, kennysheep_boxes

Skill      XL: |  1  2  3  4 |
---------------+-------------+-----
Short Blades   | 3 4 6 |  6.8
Fighting       | |  3.0
Dodging        | |  3.0
Shields        | |  3.0

Action                   |  1- 3 |  4- 6 || total
-------------------------+-------+-------++-------
Melee: Rapier            |    19 |       ||    19
       Constrict         |    19 |    20 ||    39
       Tentacles         |    17 |    22 ||    39
       Dagger            |    56 |    86 ||   142
       Punch             |       |     3 ||     3
  Use: Potion            |       |     1 ||     1
 Stab: Sleeping          |     7 |     6 ||    13
Armor: Skin              |     6 |     2 ||     8
Dodge: Dodged            |    26 |    50 ||    76
Block: Buckler           |     8 |    19 ||    27

Table legend: (Time is in decaauts)
 A = Elapsed time spent in this place.
 B = Non-inter-level travel time spent in this place.
 C = Inter-level travel time spent in this place.
 D = Time resting spent in this place.
 E = Time spent auto-exploring this place.
 F = Levels seen in this place.
 G = Mean time per level.
                   A        B        C        D        E       F      G
               +--------+--------+--------+--------+--------+-----+--------+
         Total |   4138 |   4033 |    105 |    618 |   2950 |   4 | 1034.5 |
       Dungeon |   4138 |   4033 |    105 |    618 |   2950 |   4 | 1034.5 |
               +--------+--------+--------+--------+--------+-----+--------+

Top non-repeatable levels by time:
     D:3: 1542 daAuts
     D:2: 1479 daAuts
     D:1: 1079 daAuts
     D:4: 37 daAuts
